 Dungeon Crawl Stone Soup version 0.28-a0-8-g6e044cfa68 (webtiles) character file.

Game seed: 17195039426258606226

1149 bande the Shield-Bearer (level 8, -5/109 HPs)
             Began as a Gargoyle Fighter on July 24, 2021.
             Slain by an orc warrior (9 damage)
             ... on level 6 of the Dungeon.
             The game lasted 00:07:53 (4627 turns).

bande the Shield-Bearer (Gargoyle Fighter)          Turns: 4627, Time: 00:07:54

Health: -5/109     AC: 24    Str: 21    XL:     8   Next: 38%
Magic:  8/8        EV:  2    Int:  9    God:
Gold:   229        SH: 16    Dex: 10    Spells: 7/7 levels left

rFire   . . .      SeeInvis .   a - +0 war axe
rCold   + . .      Faith    .   p - +1 kite shield {rC+}
rNeg    + + +      Spirit   .   (armour currently unavailable)
rPois   ∞          Reflect  +   (helmet currently unavailable)
rElec   .          Harm     .   (cloak currently unavailable)
rCorr   .          Rampage  .   (gloves currently unavailable)
Will    .....      NoTele   +   (boots currently unavailable)
Stlth   ..........              j - amulet of reflection
HPRegen 0.28/turn               o - ring of positive energy
MPRegen 0.11/turn               (no ring)

@: berserking (expiring), tree-form, very quick
A: stationary, stasis, torment immunity, boosted hp, sickness immunity, AC +5,
negative energy resistance 1, (electricity resistance), torment resistance 1,
petrification resistance
a: no special abilities


You were on level 6 of the Dungeon.
You were a tree.
You visited 1 branch of the dungeon, and saw 6 of its levels.

You collected 229 gold pieces.

Inventory:

Hand Weapons
 a - a +0 war axe (weapon)
 l - a +2 flail of draining
Missiles
 g - 2 throwing nets (quivered)
Armour
 m - a +0 chain mail (melded)
 p - a +1 kite shield of cold resistance (worn)
 r - a +0 helmet (melded)
Jewellery
 c - a +4 ring of protection
 j - an amulet of reflection (around neck)
 n - an amulet of faith
 o - a ring of positive energy (left branch)
Scrolls
 f - 2 scrolls of fear
 h - 2 scrolls of identify
 k - 3 scrolls of enchant armour
 s - a scroll of brand weapon {unknown}
Potions
 d - 2 potions of might
 i - 3 potions of invisibility
 q - a potion of lignification


   Skills:
 + Level 5.0 Fighting
 + Level 5.6 Axes
 + Level 5.2 Armour
 + Level 1.4 Dodging
 - Level 0.1 Stealth
 + Level 6.5 Shields


You had 7 spell levels left.
You didn't know any spells.
Your spell library contained the following spells:

 Spells                   Type           Power      Damage    Failure   Level
 Magic Dart               Conj           0%         1d3       77%         1
 Call Imp                 Summ           0%         N/A       88%         2
 Ignite Poison            Fire/Tmut/Pois 0%         N/A       98%         3
 Mephitic Cloud           Conj/Pois/Air  0%         N/A       98%         3
 Bolt of Magma            Conj/Fire/Erth 0%         4d4       100%        5


Dungeon Overview and Level Annotations

Branches:
Dungeon (6/15)
 Temple: D:4-7

Altars:
Gozag
Vehumet
Wu Jian

Shops:
D:5 *   D:6 (


Innate Abilities, Weirdness & Mutations

You are a tree.
Your roots penetrate the ground, keeping you stationary.
You cannot be teleported.
You are immune to unholy pain and torment.
Your maximum health is greatly increased.
Your equipment is partially melded.
You are immune to sickness and miasma.
((Your stone body is resilient. (AC +5)))
You are immune to poison.
You resist negative energy. (rN+)
((You are resistant to electric shocks. (rElec)))
You are resistant to unholy torment.
You are immune to petrification.


Message History

A red film seems to cover your vision as you go berserk!
You feel yourself moving faster!
You feel mighty! You block the orc warrior's attack.
The kobold brigand barely misses you.
You barely miss the kobold brigand.
The kobold brigand is severely wounded.
You block the orc warrior's attack.
The kobold brigand hits you but does no damage.
You barely miss the kobold brigand.
The kobold brigand is severely wounded.
The orc warrior hits you but does no damage.
You barely miss the kobold brigand.
The kobold brigand is severely wounded.
The kobold brigand hits you but does no damage.
You block the orc warrior's attack.
You closely miss the kobold brigand.
The kobold brigand is severely wounded.
You block the kobold brigand's attack. You block the orc warrior's attack.
You closely miss the kobold brigand.
The kobold brigand is severely wounded.
The kobold brigand hits you with a +0 whip.
* * * LOW HITPOINT WARNING * * *
You closely miss the kobold brigand.
The kobold brigand is severely wounded.
You block the orc warrior's attack. You block the kobold brigand's attack.
You slice the kobold brigand!!
You kill the kobold brigand!
You block the orc warrior's attack.
The kobold throws a stone.
The stone hits you but does no damage.
You barely miss the kobold. You block the orc warrior's attack.
The kobold hits you but does no damage.
You slice the kobold!!
You kill the kobold!
The orc warrior hits you from afar with a +0 halberd.
* * * LOW HITPOINT WARNING * * *
You closely miss the orc. You block the orc's attack.
The orc warrior hits you from afar with a +0 halberd!
* * * LOW HITPOINT WARNING * * *
You closely miss the orc. The orc hits you but does no damage.
The orc warrior hits you from afar with a +0 halberd!
You die...

.....
.......##.####
#.## ###.#....# ##
..# #.#..### ..#
### #.#..# ...# #
#..# ###...#
#.#..# 5......
####....##KoK....
..........#oKo....
####......♣#
#.....[..#
#...........
..........####
.#.......##
#.<.....#
#...##### ..#


You could see an orc warrior, a shadow imp, 2 orcs and 3 kobolds.

Vanquished Creatures
  A water moccasin (D:6)
  A sky beast (D:5)
  A phantom (D:5)
  A kobold brigand (D:6)
  4 scorpions
  A wyvern skeleton (D:6)
  A water moccasin skeleton (D:5)
  A centaur zombie (D:5)
  An orc priest (D:4)
  2 hounds
  A bullfrog skeleton (D:6)
  2 iguanas (D:4)
  An orc wizard (D:6)
  A hound zombie (D:5)
  2 hound skeletons (D:4)
  7 adders
  A worm (D:3)
  6 dart slugs
  22 orcs
  6 ball pythons
  8 bats
  7 endoplasms
  3 giant cockroaches
  10 goblins
  6 hobgoblins
  11 jackals
  4 quokkas
  6 frilled lizards
  5 kobolds
  A rat (D:2)
124 creatures vanquished.

Notes
Turn   | Place    | Note
-------+----------+-------------------------------------------
     0 | D:1      | bande the Gargoyle Fighter began the quest for the Orb.
     0 | D:1      | Reached XP level 1. HP: 14/14 MP: 1/1
   105 | D:1      | Reached XP level 2. HP: 14/19 MP: 2/2
   427 | D:1      | Reached XP level 3. HP: 23/24 MP: 3/3
   877 | D:2      | Noticed a scorpion
   885 | D:2      | Killed a scorpion
   886 | D:2      | Reached XP level 4. HP: 27/29 MP: 4/4
  1206 | D:2      | Reached skill level 4 in Shields
  1279 | D:2      | Found a faded altar of an unknown god.
  1285 | D:2      | Reached XP level 5. HP: 30/33 MP: 5/5
  2190 | D:4      | Found a radiant altar of Vehumet.
  2303 | D:4      | Found an opulent altar of Gozag.
  2420 | D:4      | Reached XP level 6. HP: 23/38 MP: 6/6
  2540 | D:4      | Found an ornate altar of the Wu Jian Council.
  2580 | D:4      | Reached skill level 1 in Dodging
  3219 | D:5      | Entered Level 5 of the Dungeon
  3227 | D:5      | Found Epnoph's Assorted Antiques.
  3278 | D:5      | Noticed a sky beast
  3303 | D:5      | Killed a sky beast
  3304 | D:5      | Reached skill level 5 in Shields
  3304 | D:5      | Reached XP level 7. HP: 34/44 MP: 7/7
  4169 | D:6      | Found Uteutaz's Weapon Shop.
  4188 | D:6      | Reached skill level 5 in Axes
  4207 | D:6      | Reached skill level 6 in Shields
  4207 | D:6      | Reached XP level 8. HP: 17/48 MP: 8/8
  4416 | D:6      | Reached skill level 5 in Armour
  4456 | D:6      | Reached skill level 5 in Fighting
  4626 | D:6      | HP: 4/109 [orc warrior (8)]
  4627 | D:6      | Slain by an orc warrior

Illustrated notes

Levels and vault maps discovered:
D:1:      zaba_arrival_water, layout_basic, minmay_surrounded
D:2:      layout_basic, dreamdust_ecumenical_altar_statues
D:3:      layout_basic
D:4:      layout_loops_ring, lemuel_doored_altar, mainiacjoe_overflow_brackets,
          vehumet_crystals, grunt_ministairs_4, minivault_4,
          minmay_misc_feat_ornament
D:5:      layout_basic, serial_shops, shop
D:6:      minmay_spotlight, layout_loops_ring,
          minmay_temple_entry_statues_pillars, serial_shops,
          nicolae_stop_n_shop_1, minmay_misc_feat_four_crosses

Skill      XL: |  1  2  3  4  5  6  7  8 |
---------------+-------------------------+-----
Axes           | 2 3 4 5 |  5.6
Shields        | 4 5 6 |  6.5
Armour         | 4 5 |  5.2
Fighting       | 4 5 |  5.0
Dodging        | 1 |  1.4
Stealth        | |  0.1

Action                   |  1- 3 |  4- 6 |  7- 9 || total
-------------------------+-------+-------+-------++-------
Melee: War axe           |    79 |   246 |   126 ||   451
  Use: Potion            |       |     6 |     3 ||     9
       Scroll            |       |     6 |       ||     6
Armor: Scale mail        |    56 |    92 |       ||   148
       Chain mail        |       |    27 |    89 ||   116
       Skin              |       |       |     7 ||     7
Dodge: Dodged            |    22 |    68 |    28 ||   118
Block: Kite shield       |    55 |   162 |   161 ||   378

Table legend: (Time is in decaauts)
 A = Elapsed time spent in this place.
 B = Non-inter-level travel time spent in this place.
 C = Inter-level travel time spent in this place.
 D = Time resting spent in this place.
 E = Time spent auto-exploring this place.
 F = Levels seen in this place.
 G = Mean time per level.
                   A        B        C        D        E       F      G
               +--------+--------+--------+--------+--------+-----+--------+
         Total |   4862 |   4790 |     72 |    209 |   3457 |   6 |  810.3 |
       Dungeon |   4862 |   4790 |     72 |    209 |   3457 |   6 |  810.3 |
               +--------+--------+--------+--------+--------+-----+--------+

Top non-repeatable levels by time:
     D:4: 1056 daAuts
     D:5: 985 daAuts
     D:2: 868 daAuts
     D:1: 865 daAuts
     D:3: 604 daAuts
     D:6: 482 daAuts
